 Dungeon Crawl Stone Soup version 0.31-a0-949-g57150269e1 (webtiles) character file.

Game seed: 11090926846666705192

28692 garrulousMonolith the Basher (level 13, -1/82 HPs)
             Began as a Gargoyle Fighter on Oct 23, 2023.
             Was a High Priest of Okawaru.
             Slain by a komodo dragon (22 damage)
             ... on level 4 of the Lair of Beasts.
             The game lasted 00:18:08 (15543 turns).

garrulousMonolith the Basher (Gargoyle Fighter)    Turns: 15543, Time: 00:18:09

Health: -1/82      AC: 31    Str: 23    XL:     13   Next: 40%
Magic:  21/21      EV:  7    Int: 15    God:    Okawaru [*****.]
Gold:   896        SH:  6    Dex: 11    Spells: 12/12 levels left

rFire   . . .        d - +9 broad axe
rCold   . . .        c - +0 buckler
rNeg    + . .        C - +0 plate armour
rPois   ∞            K - +0 helmet
rElec   +            b - +0 cloak
rCorr   .            (no gloves)
SInv    .            (no boots)
Will    .....        I - amulet of faith Stlth
                     g - +4 ring of protection
HPRegen 0.33/turn    t - +6 ring of intelligence
MPRegen 0.17/turn

%: faith
@: marked
A: sickness immunity, AC +9, negative energy resistance 1, electricity
resistance, torment resistance 1, petrification resistance
a: Renounce Religion, Heroism, Finesse, Duel


You were on level 4 of the Lair of Beasts.
You worshipped Okawaru.
Okawaru was extremely pleased with you.
You visited 3 branches of the dungeon, and saw 15 of its levels.
You also visited: Sewer and Bailey.

You collected 896 gold pieces.

Inventory:

Hand Weapons
 a - a +0 morningstar
 d - a +9 broad axe (weapon)
 w - a +4 flail
Missiles
 v - 14 poisoned darts (quivered)
 B - 36 boomerangs
 D - 4 curare-tipped darts
 H - a silver javelin
Armour
 b - a +0 cloak (worn)
 c - a +0 buckler (worn)
 C - a +0 plate armour (worn)
 K - a +0 helmet (worn)
Jewellery
 f - a ring of magical power
 g - a +4 ring of protection (left hand)
 q - an amulet of guardian spirit
 t - a +6 ring of intelligence (right hand)
 I - an amulet of faith (around neck)
Wands
 e - a wand of paralysis (2)
 p - a wand of flame (23)
 E - a wand of mindburst (20)
 J - a wand of iceblast (11)
Scrolls
 i - 3 scrolls of vulnerability
 j - 2 scrolls of amnesia
 k - 3 scrolls of butterflies
 l - a scroll of fear
 n - 4 scrolls of noise
 r - 9 scrolls of teleportation
 y - 2 scrolls of immolation
 F - a scroll of poison
 G - a scroll of revelation
Potions
 h - a potion of ambrosia
 m - 6 potions of curing
 o - a potion of resistance {unknown}
 s - 2 potions of magic
 u - 4 potions of invisibility
 x - 3 potions of mutation
 z - 6 potions of brilliance
 A - 2 potions of attraction
 L - a potion of heal wounds
 M - 4 potions of enlightenment
 O - a potion of haste


   Skills:
 + Level 9.9 Fighting
 * Level 12.2 Maces & Flails
 + Level 10.0 Armour
 + Level 11.9 Shields
 + Level 11.4 Invocations


You had 12 spell levels left.
You didn't know any spells.
Your spell library contained the following spells:

 Spells                   Type           Power      Damage    Failure   Level
 Sandblast                Erth           0%         2d4       98%         1
 Sting                    Tmut/Pois      0%         1d3       98%         1
 Lesser Beckoning         Tloc           0%         N/A       99%         2
 Passwall                 Tmut/Erth      0%         N/A       99%         2
 Poisonous Vapours        Pois/Air       0%         N/A       99%         2
 Gell's Gravitas          Tloc           0%         N/A       100%        3
 Hailstorm                Conj/Ice       0%         3d3       100%        3
 Ignite Poison            Fire/Tmut/Pois 0%         N/A       100%        3
 Stone Arrow              Conj/Erth      0%         3d7       100%        3
 Teleport Other           Tloc           0%         N/A       100%        3
 Brom's Barrelling Bould  Conj/Erth      0%         2d3       100%        4
 Dimensional Bullseye     Hex/Tloc       0%         N/A       100%        4
 Iskenderun's Mystic Bla  Conj/Tloc      0%         2d3       100%        4
 Leda's Liquefaction      Hex/Erth       0%         N/A       100%        4
 Olgreb's Toxic Radiance  Pois           0%         N/A       100%        4
 Passage of Golubria      Tloc           0%         N/A       100%        4
 Sticky Flame             Conj/Fire      0%         2d3       100%        4
 Vhi's Electric Charge    Tloc/Air       0%         N/A       100%        4
 Arcjolt                  Conj/Air       0%         1d10      100%        5
 Lee's Rapid Deconstruct  Erth           0%         3d4*      100%        5
 Metabolic Englaciation   Hex/Ice        0%         N/A       100%        5
 Silence                  Hex/Air        0%         N/A       100%        5
 Bombard                  Conj/Erth      0%         9d1       100%        6
 Conjure Ball Lightning   Conj/Air       0%         3x3d6     100%        6
 Plasma Beam              Fire/Air       0%         2x1d10    100%        6
 Discord                  Hex            0%         N/A       100%        8
 Ignition                 Fire           0%         3d3       100%        8
 Lehudib's Crystal Spear  Conj/Erth      0%         10d2      100%        8
 Tukima's Dance           Hex            Unusable   N/A       N/A         3

Dungeon Overview and Level Annotations

Branches:
Dungeon (10/15)            Temple (1/1) D:4            Lair (4/5) D:10
  Swamp (0/4) Lair:2        Snake (0/4) Lair:2        Sewer (visited)
 Bailey (visited)
  Slime: Lair:4-5       Orc: D:9-12

Altars:
Ashenzari
Cheibriados
Dithmenos
Elyvilon
Fedhas
Gozag
Hepliaklqana
Kikubaaqudgha
Makhleb
Nemelex Xobeh
Okawaru
Qazlal
Ru
Sif Muna
Trog
Uskayaw
Vehumet
Wu Jian
Xom
Yredelemnul
Zin
The Shining One

Shops:
D:2 *   D:10 :

Annotations:
Lair:3 2 transporters


Innate Abilities, Weirdness & Mutations

You are immune to sickness and miasma.
Your stone body is resilient. (AC +9)
You are immune to poison.
You resist negative energy. (rN+)
You are resistant to electric shocks. (rElec)
You are resistant to unholy torment.
You are immune to petrification.


Message History

You slash the cane toad!
The cane toad stings you but does no damage.
The cane toad barely misses you.
A black bear comes into view.
You block the cane toad's attack.
The cane toad stings you but does no damage.
You slash the cane toad!
The cane toad is heavily wounded.
You barely miss the cane toad. You closely miss the komodo dragon.
The cane toad stings you but does no damage.
The cane toad stings you! The komodo dragon bites you.
The cane toad closely misses you. The cane toad stings you!
You are too injured to fight recklessly!
You are too injured to fight recklessly!
You are too injured to fight recklessly!
You are too injured to fight recklessly!
You are too injured to fight recklessly!
You are too injured to fight recklessly!
You are too injured to fight recklessly!
You are too injured to fight recklessly!
The komodo dragon hisses menacingly.
The komodo dragon attacks as it pursues you!
The komodo dragon bites you but does no damage.
The cane toad attacks as it pursues you!
The cane toad stings you but does no damage.
The cane toad attacks as it pursues you!
The cane toad stings you!
There is a stone staircase leading down here.
The komodo dragon attacks as it pursues you!
The komodo dragon bites you but does no damage.
The komodo dragon attacks as it pursues you!
The komodo dragon barely misses you. You block the cane toad's attack.
The komodo dragon attacks as it pursues you!
The komodo dragon bites you!!
* * * LOW HITPOINT WARNING * * *
A blink frog comes into view.
A blink frog comes into view.
The komodo dragon attacks as it pursues you!
The komodo dragon bites you!!
You die...

......##............#
.#....#..F.........# ##
.......!.#h>.......###.#
.........#F......#....#
.........#.....#.#....#
#........###.....#....#
.....###..F.F..P....#
.##....###..l.....###
.#..###..@.....##
............P...#
#......#†......##
#..#.....<.....#
#....†...........
...............#..
P..............##.
...............#
.......#.......#


You could see a komodo dragon, 2 cane toads, 2 blink frogs and a black bear.

Vanquished Creatures
  An orc warlord (Bailey)
  A skyshark (Lair:3)
  3 skeletal warriors (D:8)
  5 elephants (Lair:3)
  2 black mambas
  8 cane toads
  Maggie (D:7)
  Psyche (D:8)
  2 rime drakes
  4 komodo dragons
  A troll (D:9)
  A wraith (D:10)
  33 yaks
  2 wyverns
  5 steam dragons
  3 nagas (Lair:2)
  13 water moccasins
  2 black bears
  Pargi (D:4)
  4 orc warriors
  2 ice beasts (D:5)
  An ogre (D:4)
  5 sky beasts
  3 wolves (Lair:3)
  2 centaurs (D:9)
  A phantom (D:6)
  A kobold brigand (D:8)
  13 bullfrogs
  A gnoll sergeant (D:7)
  6 scorpions
  5 wights (D:7)
  4 killer bees (D:9)
  An electric eel (D:7)
  6 howler monkeys
  4 hounds
  4 jellies
  4 orc priests
  2 gnoll boudas
  A sleepcap (D:4)
  7 iguanas
  6 orc wizards
  7 hell rats (Lair:2)
  10 adders
  11 gnolls
  5 river rats
  3 shadow imps
  2 ufetubi (D:6)
  4 worms
  3 dart slugs
  27 orcs
  9 endoplasms
  6 giant cockroaches
  14 goblins
  8 hobgoblins
  5 quokkas
  4 ball pythons
  3 bats (D:2)
  5 frilled lizards
  20 kobolds
  9 rats
327 creatures vanquished.

Vanquished Creatures (others)
  A kobold brigand (D:6)
  A bullfrog (Lair:3)
  An orc (D:6)
3 creatures vanquished.

Grand Total: 330 creatures vanquished

Notes
Turn   | Place    | Note
-------+----------+-------------------------------------------
     0 | D:1      | garrulousMonolith the Gargoyle Fighter began the quest for
                  | the Orb.
     0 | D:1      | Reached XP level 1. HP: 14/14 MP: 1/1
   314 | D:1      | Reached XP level 2. HP: 19/19 MP: 2/2
   743 | D:2      | Found a glowing silver altar of Zin.
   801 | D:2      | Found Bodyck's General Store.
   819 | D:2      | Reached XP level 3. HP: 23/23 MP: 3/3
   864 | D:2      | Reached skill level 1 in Invocations
  1093 | D:2      | Reached skill level 3 in Maces & Flails
  1093 | D:2      | Reached XP level 4. HP: 26/29 MP: 4/4
  1461 | D:2      | Found a faded altar of an unknown god.
  1878 | D:3      | Reached XP level 5. HP: 33/33 MP: 6/6
  2184 | D:4      | Found a staircase to the Ecumenical Temple.
  2194 | Temple   | Entered the Ecumenical Temple
  2199 | Temple   | Became a worshipper of Warmaster Okawaru
  2344 | D:4      | Found a glowing drain.
  2348 | Sewer    | Entered a sewer
  2572 | Sewer    | Found a viscous altar of Jiyva.
  2580 | Sewer    | Reached XP level 6. HP: 28/38 MP: 7/7
  2629 | Sewer    | Reached skill level 4 in Maces & Flails
  2904 | D:4      | Reached * piety under Okawaru
  2977 | D:4      | Reached XP level 7. HP: 44/44 MP: 9/9
  2980 | D:4      | Found an ornate altar of the Wu Jian Council.
  3381 | D:4      | Noticed Pargi
  3393 | D:4      | Killed Pargi
  3617 | D:4      | Reached skill level 5 in Maces & Flails
  3617 | D:4      | Reached skill level 5 in Armour
  3677 | D:5      | Entered Level 5 of the Dungeon
  3742 | D:5      | Reached ** piety under Okawaru
  3743 | D:5      | Reached skill level 5 in Fighting
  3743 | D:5      | Reached skill level 5 in Shields
  3882 | D:5      | Reached XP level 8. HP: 47/49 MP: 10/10
  3928 | D:5      | Found a shimmering blue altar of Sif Muna.
  4394 | D:5      | Reached skill level 6 in Maces & Flails
  4585 | D:5      | Found a glowing silver altar of Zin.
  5044 | D:6      | Found a shimmering altar of Xom.
  5072 | D:6      | Reached *** piety under Okawaru
  5079 | D:6      | Reached XP level 9. HP: 22/55 MP: 9/12
  5090 | D:6      | Reached skill level 7 in Maces & Flails
  5311 | D:6      | Found a sparkling altar of Nemelex Xobeh.
  5320 | D:6      | Found a burning altar of Makhleb.
  5639 | D:6      | Found a basalt altar of Yredelemnul.
  5641 | D:6      | Found a radiant altar of Vehumet.
  5839 | D:6      | Reached skill level 5 in Invocations
  6132 | D:7      | Noticed Maggie
  6147 | D:7      | Killed Maggie
  6265 | D:7      | Reached **** piety under Okawaru
  6267 | D:7      | Reached skill level 8 in Maces & Flails
  6481 | D:7      | Found a broken altar of Ashenzari.
  6768 | D:7      | Reached XP level 10. HP: 21/63 MP: 14/14
  7455 | D:8      | Identified the of Otsad
  7468 | D:8      | Found a flagged portal.
  7536 | D:8      | Reached skill level 9 in Maces & Flails
  7536 | D:8      | Noticed Psyche
  7556 | D:8      | Killed Psyche
  7556 | D:8      | Reached ***** piety under Okawaru
  7564 | Bailey   | Entered a bailey
  7590 | Bailey   | Noticed an orc warlord
  7869 | Bailey   | Found a runed translucent gate.
  7901 | Bailey   | Found a runed translucent gate.
  7903 | Bailey   | Found a runed translucent gate.
  8069 | Bailey   | Killed an orc warlord
  8213 | D:8      | Reached skill level 10 in Shields
  8213 | D:8      | Reached XP level 11. HP: 68/68 MP: 15/18
  8861 | D:9      | Noticed a skeletal warrior
  8863 | D:9      | Noticed a skeletal warrior
  8864 | D:9      | Noticed a skeletal warrior
  8989 | D:8      | Killed a skeletal warrior
  8990 | D:8      | Reached skill level 10 in Invocations
  8990 | D:8      | Reached XP level 12. HP: 68/73 MP: 19/19
  9019 | D:8      | Received a gift from Okawaru
  9020 | D:8      | Reached skill level 10 in Maces & Flails
  9393 | D:9      | Found a blossoming altar of Fedhas.
 10057 | D:10     | Entered Level 10 of the Dungeon
 10057 | D:10     | Found Anuklodi's Book Emporium.
 10199 | D:10     | Found a staircase to the Lair.
 10425 | D:10     | Found a hide-covered altar of Uskayaw.
 10811 | D:10     | Received a gift from Okawaru
 11417 | Lair:1   | Entered Level 1 of the Lair of Beasts
 12519 | Lair:2   | Reached skill level 11 in Maces & Flails
 12595 | Lair:2   | Found a staircase to the Snake Pit.
 12611 | Lair:2   | Received a gift from Okawaru
 13154 | Lair:2   | Found a staircase to the Swamp.
 13885 | Lair:3   | Found a transporter.
 14090 | Lair:3   | Found a transporter.
 14232 | Lair:3   | Noticed a skyshark
 14253 | Lair:3   | Killed a skyshark
 14254 | Lair:3   | Reached XP level 13. HP: 62/80 MP: 21/21
 14641 | Lair:2   | Reached skill level 12 in Maces & Flails
 14802 | Lair:3   | Received a gift from Okawaru
 15451 | Lair:3   | Reached skill level 10 in Armour
 15543 | Lair:4   | Slain by a komodo dragon

Illustrated notes

Levels and vault maps discovered:
D:1:      nicolae_arrival_somewhat_less_tricky_arrival, layout_loops_ring,
          serial_bayou_pond_e
D:2:      layout_loops_ring, hellmonk_ecumenical_altar_inner_sanctum,
          basic_altar, serial_shops, nicolae_shop_tiny_glass
D:3:      layout_rooms
D:4:      layout_gridville, pdpol_wu_jian_five_deadly_venoms, temple_fountains,
          gup_sewer_entry_spiral, uniq_pargi
D:5:      layout_cave_pods, mainiacjoe_overflow_tiny_flanked, zin_treasury,
          nicolae_twisty_statue_hallways
D:6:      layout_basic, xom_confusion_cloud, mainiacjoe_overflow_swirl,
          nicolae_overflow_hidden_temple
D:7:      layout_gridville, kennysheep_mini_moat, kennysheep_cluttered_room,
          uniq_maggie
D:8:      layout_rooms, enter_bailey_5, uniq_psyche
D:9:      layout_loops_ring, fedhas_altar_fruit_tree
D:10:     layout_basic, mainiacjoe_overflow_six_doors_small,
          due_lair_maze_entry_diamond, serial_shops, nicolae_shop_statue_plus
Temple:   minmay_freezing_vapour_temple
Lair:1:   layout_roguey, dreamdust_gnoll_shepherd
Lair:2:   beargit_carnivore_pack, layout_cave_pods, swamp_mist,
          nicolae_snake_entry_squirm, minivault_24, infiniplex_staircase_pool_2
Lair:3:   gammafunk_worm_tunnel, layout_chaotic_city, grunt_megastairs_5
Lair:4:   layout_misc_corridors

Skill      XL: |  1  2  3  4  5  6  7  8  9 10 11 12 13 |
---------------+----------------------------------------+-----
Invocations    | 1 2 3 4 5 9 10 11 | 11.4
Maces & Flails | 3 4 5 6 8 9 11 12 | 12.2
Armour         | 4 5 6 7 8 9 10 | 10.0
Fighting       | 4 5 6 7 8 9 |  9.9
Shields        | 4 5 6 10 11 | 11.9

Action                     |  1- 3 |  4- 6 |  7- 9 | 10-12 | 13-15 || total
---------------------------+-------+-------+-------+-------+-------++-------
  Melee: Flail             |    76 |   251 |   185 |   716 |       ||  1228
         Morningstar       |       |       |   280 |       |       ||   280
         Broad axe         |       |       |       |       |   113 ||   113
 Invoke: Heroism           |       |       |     3 |    11 |     3 ||    17
    Use: Scroll            |       |     4 |     5 |    16 |       ||    25
         Potion            |       |     3 |     3 |     7 |       ||    13
   Stab: Invisible         |       |       |       |     5 |       ||     5
 Armour: Scale mail        |    43 |   128 |       |       |       ||   171
         Chain mail        |       |   103 |   467 |       |       ||   570
         Swamp dragon scal |       |       |    78 |    97 |       ||   175
         Plate armour      |       |       |       |   489 |   232 ||   721
  Dodge: Dodged            |    30 |    90 |   200 |   219 |    70 ||   609
  Block: Buckler           |     9 |    59 |   141 |   211 |    59 ||   479

Table legend: (Time is in decaauts)
 A = Elapsed time spent in this place.
 B = Non-inter-level travel time spent in this place.
 C = Inter-level travel time spent in this place.
 D = Time resting spent in this place.
 E = Time spent auto-exploring this place.
 F = Levels seen in this place.
 G = Mean time per level.
                   A        B        C        D        E       F      G
               +--------+--------+--------+--------+--------+-----+--------+
         Total |  15714 |  15356 |    358 |   2299 |   9802 |  17 |  924.4 |
       Dungeon |  10552 |  10246 |    306 |   1419 |   6463 |  10 | 1055.2 |
        Temple |     10 |     10 |      0 |      0 |      0 |   1 |   10.0 |
          Lair |   4117 |   4066 |     51 |    656 |   2873 |   4 | 1029.2 |
         Sewer |    386 |    386 |      0 |     34 |    197 |   1 |  386.0 |
        Bailey |    647 |    647 |      0 |    190 |    268 |   1 |  647.0 |
               +--------+--------+--------+--------+--------+-----+--------+

Top non-repeatable levels by time:
  Lair:2: 1771 daAuts
     D:7: 1589 daAuts
  Lair:3: 1426 daAuts
    D:10: 1343 daAuts
     D:4: 1335 daAuts
     D:6: 1149 daAuts
     D:5: 1099 daAuts
     D:8: 1031 daAuts
     D:9: 892 daAuts
     D:2: 854 daAuts
  Lair:1: 822 daAuts
     D:1: 753 daAuts
  Bailey: 647 daAuts
     D:3: 505 daAuts
   Sewer: 386 daAuts
